cohdb
Replays
Latest Replays
All Replays
Popular Replays
Top Player Replays
Match Explorer
How It Works
Community
CoH3 Stats
Reddit
Sign in to upload your games and track your stats! →
Sign in with Steam
Match 43332249
Unlisted
Match 43332249
Overview
Messages
Build Orders
End
Royal Engineer Section
Royal Engineer Section
Selects Indian Artillery Battlegroup
Selects Indian Artillery Battlegroup
Royal Engineer Section
Vickers Machine Gun Team
Vickers Machine Gun Team
Construct Field Infirmary
Selects Valour
Construct Section Command Post
Construct Platoon Command Post
Humber Armored Car
Selects Gurkha Rifles Section
Infantry Training
Gurkha Rifles Section
Construct Company Command Post
Crusader II Medium Tank
Selects Volunteer Infantry
Vickers Machine Gun Team
Royal Engineer Section
Crusader II Medium Tank
Crusader II Medium Tank
Selects Artillery Saturation
Selects Off-map Airburst Barrage
Crusader II Medium Tank
Armored Vehicle Training
Gurkha Rifles Section
ConcernedApe
Stallone da rimorchio italiano
Medic#2
Obersol
0
0
Comments
sign in to comment!
No comments posted yet!